 Dungeon Crawl Stone Soup version 0.30.0 (webtiles) character file.

Game seed: 14286842383869017360

296 Dani the Chopper (level 6, 31/47 HPs)
             Began as a Demonspawn Fighter on May 20, 2023.
             Was an Initiate of Gozag.
             Quit the game on level 3 of the Dungeon.
             The game lasted 00:04:54 (1741 turns).

Dani the Chopper (Demonspawn Fighter)               Turns: 1741, Time: 00:04:54

Health: 31/47      AC: 12    Str: 16    XL:     6   Next: 12%
Magic:  6/6        EV:  8    Int: 12    God:    Gozag
Gold:   189        SH:  9    Dex: 12    Spells: 5/5 levels left

rFire   . . .        a - +1 war axe
rCold   . . .        c - +0 buckler
rNeg    . . .        b - +1 scale mail
rPois   .            (helmet restricted)
rElec   .            (no cloak)
rCorr   .            (no gloves)
SInv    .            n - +2 pair of boots
Will    +....        k - amulet of reflection Stlth
                     g - ring of willpower
HPRegen 0.27/turn    (no ring)
MPRegen 0.10/turn

%: reflection
@: gold aura
A: horns 2, molten scales 1
a: Renounce Religion, Potion Petition, Call Merchant, Bribe Branch


You were on level 3 of the Dungeon.
You worshipped Gozag.
Gozag was aware of your devotion.
You visited 1 branch of the dungeon, and saw 3 of its levels.

You collected 189 gold pieces.

Inventory:

Hand Weapons
 a - a +1 war axe (weapon)
Missiles
 q - 3 poisoned darts (quivered)
Armour
 b - a +1 scale mail (worn)
 c - a +0 buckler (worn)
 n - a +2 pair of boots (worn)
   (You found it on level 2 of the Dungeon)
Jewellery
 g - a ring of willpower (left hand)
   (You found it on level 1 of the Dungeon)
 k - an amulet of reflection (around neck)
   (You found it on level 1 of the Dungeon)
 l - a ring of flight
   (You found it on level 1 of the Dungeon)
Scrolls
 o - a scroll of enchant armour
 R - 2 scrolls of identify {@r1}
Potions
 d - a potion of might
 e - 2 potions of brilliance
 f - 2 potions of heal wounds {unknown}
 h - a potion of haste {unknown}
 i - a potion of magic {unknown}
 j - a potion of berserk rage {unknown}
 m - a potion of degeneration {unknown}
 p - a potion of resistance {unknown}


   Skills:
 - Level 3.0 Fighting
 + Level 5.9 Axes
 - Level 2.6 Armour
 - Level 2.6 Shields


You had 5 spell levels left.
You didn't know any spells.
Your spell library contained the following spells:

 Spells                   Type           Power      Damage    Failure   Level
 Foxfire                  Conj/Fire      0%         2x1d4     83%         1
 Ensorcelled Hibernation  Hex/Ice        0%         N/A       93%         2
 Spider Form              Tmut/Pois      0%         N/A       99%         3
 Anguish                  Hex/Necr       0%         N/A       100%        4
 Fireball                 Conj/Fire      0%         3d3       100%        5
 Plasma Beam              Fire/Air       0%         2x1d11    100%        6
 Starburst                Conj/Fire      0%         6d3       100%        6


Dungeon Overview and Level Annotations

Branches:
Dungeon (3/15)

Altars:
Gozag
Sif Muna

Shops:
D:1 =   D:3 ?


Innate Abilities, Weirdness & Mutations

You have a pair of horns on your head.
You are partially covered in molten scales. (AC +2)


Message History

There is an entrance to The Oracle's Delphic Readings here.
Found a scroll of vulnerability.
You see here a scroll of vulnerability.
You open the door.
Key pressed, stopping explore.
There is an open door here.
Key pressed, stopping explore.
Key pressed, stopping explore.
Key pressed, stopping explore.
Key pressed, stopping explore.
Key pressed, stopping explore.
Key pressed, stopping explore.
An adder comes into view.
The adder hisses angrily.
Search for what [? for help]? jav Can't find anything matching that.
An endoplasm comes into view.
The endoplasm quivers.
You barely miss the adder. Your headbutt misses the adder.
The adder bites you but does no damage. You block the adder's attack.
You closely miss the adder. You block the adder's attack.
You slash the adder!
You kill the adder!
You hit the endoplasm but do no damage. You headbutt the endoplasm.
You kill the endoplasm!
No target in view!
No target in view!
No target in view!
Search for what [Enter for "jav", or ? for help]? pois
Things that are here:
a +0 club; a +0 scale mail You see here 3 poisoned darts.
q - 3 poisoned darts Key pressed, stopping explore.
Key pressed, stopping explore.
Key pressed, stopping explore.
Key pressed, stopping explore.
Key pressed, stopping explore.
Found a stone staircase leading down.
You now have 189 gold pieces (gained 15).
Key pressed, stopping explore.
Key pressed, stopping explore.
Key pressed, stopping explore.
Key pressed, stopping explore.
Key pressed, stopping explore.
Key pressed, stopping explore.
Key pressed, stopping explore.
Key pressed, stopping explore.
Grinder comes into view.
She is carrying a wand of flame (25).
Grinder is nearby!
Grinder is nearby!
Grinder is nearby!
Grinder is nearby!
Grinder is nearby!
Grinder is nearby!
You barely miss Grinder.
Grinder blinks!
Grinder gestures at you.
You suddenly lose the ability to move!
Grinder zaps a wand.
The puff of flame hits you but does no damage.
You can move again.
Unknown command.
Unknown command.
Unknown command.
You hit Grinder but do no damage. You block Grinder's attack.
You closely miss Grinder.
Grinder zaps a wand.
You block puff of flame... and reflect it back!
The puff of flame hits Grinder.
You hit Grinder.
Grinder is lightly wounded.
You block Grinder's attack. Grinder hits you.
You writhe in agony.
You hit Grinder. Your headbutt misses Grinder.
Grinder is lightly wounded.
Grinder hits you.
You writhe in agony.
* * * LOW HITPOINT WARNING * * *
You slash Grinder! You headbutt Grinder.
Grinder is heavily wounded.
Grinder hits you but does no damage.
You completely miss Grinder.
Grinder is heavily wounded.
Grinder hits you but does no damage.
Grinder zaps a wand.
The puff of flame hits you but does no damage.
You closely miss Grinder. You headbutt Grinder!
Grinder is severely wounded.
Grinder gestures at you. You resist with some effort.
You barely miss Grinder.
Grinder is severely wounded.
Grinder hits you but does no damage.
You hit Grinder but do no damage.
Grinder is severely wounded.
You block Grinder's attack. Grinder barely misses you.
You slash Grinder!
You kill Grinder!
Your Axes skill increases to level 5!
You have reached level 5!
Your demonic ancestry asserts itself...
Molten scales grow over part of your body.
You have reached level 6!
Are you sure you want to abandon this character and quit the game? (Confirm with "yes".)

#.#
#................
#.#
#.##.##.###.##.##
#.# #.##....#
#.##.# #.#
#.####### #.....
#.# #.# ####.#
#.# #.# #.# .#
#.###$# #...@.#
#######


There were no monsters in sight!

Vanquished Creatures
  Grinder (D:3)
  An orc priest (D:3)
  3 adders
  A worm (D:3)
  A dart slug (D:1)
  4 orcs
  4 ball pythons
  5 endoplasms
  3 giant cockroaches
  2 goblins
  3 hobgoblins
  3 quokkas
  5 bats
  2 frilled lizards
  A kobold (D:2)
  A rat (D:3)
40 creatures vanquished.

Notes
Turn   | Place    | Note
-------+----------+-------------------------------------------
     0 | D:1      | Dani the Demonspawn Fighter began the quest for the Orb.
     0 | D:1      | Reached XP level 1. HP: 18/18 MP: 1/1
   192 | D:1      | Reached skill level 2 in Axes
   231 | D:1      | Found Wonwilif's Jewellery Boutique.
   386 | D:1      | Gained mutation: You have a pair of small horns on your
                  | head. [demonic ancestry]
   386 | D:1      | Reached XP level 2. HP: 21/24 MP: 2/2
   641 | D:2      | Found a shimmering blue altar of Sif Muna.
   675 | D:2      | Reached skill level 3 in Axes
   742 | D:2      | Reached XP level 3. HP: 29/29 MP: 3/3
   757 | D:2      | Found a faded altar of an unknown god.
   761 | D:2      | Prayed at the altar of an unknown god.
   761 | D:2      | Became a worshipper of Gozag Ym Sagoz the Greedy
  1257 | D:3      | Reached skill level 4 in Axes
  1257 | D:3      | Gained mutation: You have a pair of horns on your head.
                  | [demonic ancestry]
  1257 | D:3      | Reached XP level 4. HP: 28/35 MP: 4/4
  1474 | D:3      | Found The Oracle's Delphic Readings.
  1725 | D:3      | Noticed Grinder
  1726 | D:3      | Paralysed by Grinder for 5 turns
  1740 | D:3      | Killed Grinder
  1741 | D:3      | Reached skill level 5 in Axes
  1741 | D:3      | Gained mutation: You are partially covered in molten
                  | scales. (AC +2) [demonic ancestry]
  1741 | D:3      | Reached XP level 5. HP: 27/41 MP: 5/5
  1741 | D:3      | Reached XP level 6. HP: 31/47 MP: 6/6
  1741 | D:3      | Quit the game

Illustrated notes

Levels and vault maps discovered:
D:1:      roderic_chinese_lattice_arrival, layout_loops_cross, serial_shops,
          shop, hangedman_feature_mirror, chequers_garden
D:2:      layout_rooms, nicolae_ecumenical_lake_church, basic_altar
D:3:      layout_loops_ring, nicolae_nh_oracle_at_delphi, uniq_grinder

Skill      XL: |  1  2  3  4 |
---------------+-------------+-----
Axes           | 2 3 4 5 |  5.9
Fighting       | |  3.0
Armour         | |  2.6
Shields        | |  2.6

Action                     |  1- 3 |  4- 6 || total
---------------------------+-------+-------++-------
  Melee: War axe           |    66 |    23 ||    89
         Headbutt          |     4 |     6 ||    10
    Use: Scroll            |     8 |       ||     8
   Stab: Distracted        |     1 |       ||     1
 Armour: Scale mail        |    30 |     8 ||    38
  Dodge: Dodged            |    18 |     1 ||    19
  Block: Buckler           |    27 |     8 ||    35
         Reflection        |       |     1 ||     1

Levels and vault maps discovered:
D:1:      roderic_chinese_lattice_arrival, layout_loops_cross, serial_shops,
          shop, hangedman_feature_mirror, chequers_garden
D:2:      layout_rooms, nicolae_ecumenical_lake_church, basic_altar
D:3:      layout_loops_ring, nicolae_nh_oracle_at_delphi, uniq_grinder

Table legend: (Time is in decaauts)
 A = Elapsed time spent in this place.
 B = Non-inter-level travel time spent in this place.
 C = Inter-level travel time spent in this place.
 D = Time resting spent in this place.
 E = Time spent auto-exploring this place.
 F = Levels seen in this place.
 G = Mean time per level.
                   A        B        C        D        E       F      G
               +--------+--------+--------+--------+--------+-----+--------+
         Total |   1775 |   1707 |     68 |      0 |   1370 |   3 |  591.7 |
       Dungeon |   1775 |   1707 |     68 |      0 |   1370 |   3 |  591.7 |
               +--------+--------+--------+--------+--------+-----+--------+

Top non-repeatable levels by time:
     D:3: 650 daAuts
     D:1: 650 daAuts
     D:2: 474 daAuts

Table legend:
 A = Kills in this place as a percentage of kills in the entire game.
 B = Kills by you in this place as a percentage of kills by you in the entire game.
 C = Kills by friends in this place as a percentage of kills by friends in the entire game.
 D = Other kills in this place as a percentage of other kills in the entire game.
 E = Experience gained in this place as a percentage of experience gained in the entire game.
 F = Experience gained in this place divided by the number of levels of this place that you have seen.
                   A       B       C       D       E      F
               +-------+-------+-------+-------+-------+----------------------
         Total | 100.0 | 100.0 |   N/A |   N/A | 100.0 | 141.0
       Dungeon | 100.0 | 100.0 |   N/A |   N/A | 100.0 | 141.0
               +-------+-------+-------+-------+-------+----------------------
